 Dungeon Crawl Stone Soup version 0.28-a0-1159-g27aa881441 (webtiles) character file.

Game seed: 15103071982244783748

31 SensoryNuts the Skirmisher (level 3, 0/29 HPs)
             Began as a Demonspawn Fighter on Dec 15, 2021.
             Slain by a gnoll (3 damage)
             ... on level 2 of the Dungeon.
             The game lasted 00:01:17 (1214 turns).

SensoryNuts the Skirmisher (Demonspawn Fighter)     Turns: 1214, Time: 00:01:18

Health: 0/29       AC:  6    Str: 18    XL:     3   Next: 7%
Magic:  3/3        EV: 11    Int:  9    God:
Gold:   26         SH:  4    Dex: 12    Spells: 2/2 levels left

rFire   + . .      SeeInvis .   a - +0 trident
rCold   . . .      Faith    .   c - +0 buckler
rNeg    . . .      Spirit   .   g - +2 robe {rF+}
rPois   .          Reflect  .   (no helmet)
rElec   .          Harm     .   (no cloak)
rCorr   .          Rampage  .   (no gloves)
Will    .....                   (no boots)
Stlth   +.........              (no amulet)
HPRegen 0.09/turn               (no ring)
MPRegen 0.08/turn               (no ring)

@: no status effects
A: thin metallic scales 1
a: no special abilities


You were on level 2 of the Dungeon.
You visited 1 branch of the dungeon, and saw 2 of its levels.

You collected 26 gold pieces.

Inventory:

Hand Weapons
 a - a +0 trident (weapon)
Armour
 b - a +0 scale mail
 c - a +0 buckler (worn)
 g - a +2 robe of fire resistance (worn)
Scrolls
 e - 2 scrolls of magic mapping {unknown}
 f - a scroll of identify {unknown}
 i - a scroll of teleportation {unknown}
 k - a scroll of fog {unknown}
Potions
 d - a potion of might
 h - a potion of brilliance {unknown}
 j - a potion of haste {unknown}


   Skills:
 + Level 3.4 Fighting
 + Level 2.2 Polearms
 + Level 3.0 Armour
 + Level 0.3 Dodging
 + Level 0.1 Stealth
 + Level 2.8 Shields


You had 2 spell levels left.
You didn't know any spells.
Your spell library was empty.

Dungeon Overview and Level Annotations

Branches:
Dungeon (2/15)

Altars:


Innate Abilities, Weirdness & Mutations

You are partially covered in thin metallic scales. (AC +2)


Message History

The gnoll hits you with a +0 club.
The gnoll hits you from afar with a +0 spear.
You hit the gnoll.
The gnoll is heavily wounded.
The gnoll closely misses you. You block the gnoll's attack.
The gnoll misses you. The gnoll barely misses you.
The gnoll closely misses you.
You hit the gnoll but do no damage.
The gnoll is heavily wounded.
The gnoll misses you. The gnoll closely misses you.
The gnoll barely misses you.
You closely miss the gnoll.
The gnoll is heavily wounded.
You block the gnoll's attack. The gnoll hits you with a +0 club.
The gnoll hits you from afar with a +0 spear.
You are too injured to fight recklessly!
Unknown command.
The gnoll hits you with a +0 whip.
A goblin comes into view. It is wielding a +0 dagger.
The goblin shouts!
You hear a shout!
A goblin comes into view. It is wielding a +0 dagger.
The goblin shouts!
A bat comes into view.
You block the goblin's attack.
The bat moves out of view.
You barely miss the goblin. You block the goblin's attack. x2
You closely miss the gnoll.
The gnoll is heavily wounded.
The gnoll hits you but does no damage. The goblin completely misses you.
The goblin hits you but does no damage. The gnoll closely misses you.
You hit the gnoll but do no damage.
The gnoll is heavily wounded.
The goblin hits you with a +0 dagger.
* * * LOW HITPOINT WARNING * * *
The goblin hits you with a +0 dagger.
* * * LOW HITPOINT WARNING * * *
The gnoll hits you from afar with a +0 spear.
* * * LOW HITPOINT WARNING * * *
The gnoll hits you but does no damage. The goblin closely misses you. x2
The gnoll hits you from afar with a +0 spear.
You die...

.## ..# .## ..########
.#..##...##
..##..###.#
>#......#.#
......#.#.############
............gggg@g...#
........########g###.#
......#.### #.#
.......g..# #.#
......#.#.# #.#
...........# #.#
#..#..#.#..# #.#
...#........ .#. ..##.
#.# ...


You could see 3 gnolls, a hobgoblin and 2 goblins.

Vanquished Creatures
  6 bats (D:1)
  2 endoplasms (D:1)
  2 giant cockroaches (D:1)
  3 goblins (D:1)
  2 quokkas
  5 ball pythons
  A frilled lizard (D:1)
  5 kobolds (D:1)
  3 rats (D:1)
29 creatures vanquished.

Notes
Turn   | Place    | Note
-------+----------+-------------------------------------------
     0 | D:1      | SensoryNuts the Demonspawn Fighter began the quest for the
                  | Orb.
     0 | D:1      | Reached XP level 1. HP: 18/18 MP: 1/1
   103 | D:1      | Gained mutation: You are partially covered in thin metallic
                  | scales. (AC +2) [demonic ancestry]
   103 | D:1      | Reached XP level 2. HP: 7/24 MP: 2/2
  1118 | D:2      | Reached XP level 3. HP: 25/29 MP: 3/3
  1214 | D:2      | Slain by a gnoll

Illustrated notes

Levels and vault maps discovered:
D:1:      arrival_zaba_pyramid, layout_basic
D:2:      minmay_skewed_foursquare, layout_loops_ring, basic_altar, st_stairs_10

Skill      XL: |  1  2 |
---------------+-------+-----
Polearms       | 2 |  2.2
Armour         | 3 |  3.0
Fighting       | |  3.4
Dodging        | |  0.3
Stealth        | |  0.1
Shields        | |  2.8

Action                   || total
-------------------------++-------
Melee: Trident           ||   101
 Stab: Sleeping          ||     1
Armor: Scale mail        ||    17
       Robe              ||    28
Dodge: Dodged            ||    45
Block: Buckler           ||    24

Table legend: (Time is in decaauts)
 A = Elapsed time spent in this place.
 B = Non-inter-level travel time spent in this place.
 C = Inter-level travel time spent in this place.
 D = Time resting spent in this place.
 E = Time spent auto-exploring this place.
 F = Levels seen in this place.
 G = Mean time per level.
                   A        B        C        D        E       F      G
               +--------+--------+--------+--------+--------+-----+--------+
         Total |   1236 |   1225 |     11 |      0 |   1000 |   2 |  618.0 |
       Dungeon |   1236 |   1225 |     11 |      0 |   1000 |   2 |  618.0 |
               +--------+--------+--------+--------+--------+-----+--------+

Top non-repeatable levels by time:
     D:1: 1117 daAuts
     D:2: 119 daAuts
